[Event "EU-ch 12th"]
[Site "Aix les Bains"]
[Date "2011.03.22"]
[Round "1"]
[White "Csiba, Dominik"]
[Black "Zvjaginsev, Vadim"]
[Result "1/2-1/2"]
[ECO "C08"]
[WhiteElo "2378"]
[BlackElo "2663"]
[Annotator "Marchand,A/Primel,D"]
[PlyCount "119"]
[EventDate "2011.03.22"]
[EventType "swiss"]
[EventRounds "11"]
[EventCountry "FRA"]
[SourceTitle "CBM 142 Extra"]
[Source "ChessBase"]
[SourceDate "2011.06.27"]
[SourceVersion "1"]
[SourceVersionDate "2011.06.27"]
[SourceQuality "1"]
[TimeControl "40/5400+30:1800+30"]

1. e4 e6 2. d4 d5 3. Nd2 a6 (3... Nf6) (3... c5) 4. Ngf3 c5 5. exd5 exd5 6.
dxc5 Bxc5 7. Nb3 Bb6 (7... Ba7 8. Bd3 $32) 8. Bd3 Qe7+ 9. Qe2 Qxe2+ ({RR} 9...
Nc6 10. c3 Bg4 11. O-O Qxe2 12. Bxe2 Nf6 13. h3 Bh5 14. Bf4 h6 15. Rfe1 O-O-O
16. Ne5 Bxe2 17. Rxe2 Rhe8 18. Rae1 g5 19. Be3 Rxe5 20. Bxb6 Rde8 21. Be3 Nh5
22. Nc1 f5 23. Kf1 f4 24. Bc5 {Hjartarson,J (2634)-Nikolic,P (2643)/Qaqortoq
2003/EXT 2004/1/2-1/2 (49)}) 10. Kxe2 Nf6 11. Re1 ({RR} 
11. Be3 Bxe3 12. Kxe3 O-O 13. Rae1 Nc6 14. Nfd4 Ne5 15. Kd2 Re8 16. Re2 Nc4+
17. Kc1 Rxe2 18. Nxe2 Ng4 19. f3 Nge3 20. Rg1 Bf5 21. Nbd4 Re8 22. g4 Bxd3 23.
cxd3 Nd6 24. Kd2 Kf8 25. b3 h5 {Doncevic,D (2360)-Cabrilo,G (2480)/Royan 1989/
EXT 1997/1-0 (32)}) 11... O-O 12. Kf1 $32 Bg4 (12... Nc6
13. Be3 Bxe3 14. Rxe3 Nb4) 13. Ne5 (13. Nbd4) 13... Be6 14. Be3 (14. a4 $5 ) 14... Bc7 15. Bd4 Ne4 $146 (15... Re8 {Garcia
Martinez,S-Sorri,K WchT U26 fin-B 14th 1967 (2.1) 1/2}) 16. Bxe4 (16. f3 f6)
16... dxe4 17. Rxe4 Bd5 18. Ree1 f6 19. Ng4 Nc6 20. Bc3 Bb6 21. Ne3 Be6 22. Nd2
Rae8 (22... Kf7 ) 23. a3 Bc7 24. Nf3 Rd8 25. Rad1 Bb6 26. Rd2
Rxd2 27. Nxd2 Ba7 28. Nec4 Bd5 29. Na5 Nxa5 30. Bxa5 Rc8 31. c3 Kf7 32. Bb4 Re8
33. Rxe8 Kxe8 34. c4 Bc6 35. f3 Be3 36. Nb1 Ba4 37. Nc3 Bb3 38. c5 f5 39. Ke2
Bc1 40. Nd1 Bxd1+ $1 {le Bb4 n'est pas trés bon} 41. Kxd1 Bxb2 42. Kc2 Bd4 (
42... Be5) 43. Kd3 Bg1 44. h3 Kd7 45. Kc4 Kc6 46. a4 g6 $17 47. Ba3 Be3 48. Bb4 Bf2 49. Ba3 a5 50. Bb2 Bxc5 51. Bc3 Bb6 52. Bd2 Bd8 53. Bc3
(53. g4) 53... h5 54. Bd2 b6 55. Be3 Be7 56. Bd4 Bb4 57. Be3 Bc5 58. Bf4 Bd6
59. Be3 Bg3 60. Bd2 {Dominique PRIMEL} 1/2-1/2

[Event "Metz op 31th"]
[Site "Metz"]
[Date "2013.07.24"]
[Round "7"]
[White "Gharamian, Tigran"]
[Black "Bauer, Christian"]
[Result "1/2-1/2"]
[ECO "C08"]
[WhiteElo "2663"]
[BlackElo "2637"]
[Annotator "Metz Alekhine/Primel,D"]
[PlyCount "36"]
[EventDate "2013.04.20"]
[EventType "swiss"]
[EventRounds "9"]
[EventCountry "FRA"]
[SourceTitle "EXT 2016"]
[Source "ChessBase"]
[SourceDate "2015.10.08"]
[SourceVersion "1"]
[SourceVersionDate "2015.10.08"]
[SourceQuality "1"]
[TimeControl "40/5400:1800+30"]
[WhiteClock "1:30:00"]
[BlackClock "1:30:00"]

1. e4 {01h30} e6 2. d4 d5 3. Nd2 a6 4. Ngf3 c5 5. exd5 exd5 6. Be2 (6. dxc5)
6... c4 7. O-O Bd6 8. b3 (8. Re1) 8... cxb3 9. axb3 Ne7 10. Re1 {77} Nbc6 11.
Nf1 O-O 12. Ne3 (12. Ng3) (12. Ba3) 12... Be6 (12... h6) 13. Bd3 $6 $146 {
49 Joué après une longue réflexion et la nouveauté a probablement été
trouvée devant l'échiquier mais d3 ne fait pas trés bonne impression. Les
Blancs perdent un tempo avec Be2d3 et le Ne3 gêne le Bc1 et la Re1} (13. c4 h6
14. Bb2 (14. Ba3 Bxa3 15. Rxa3 Qd6) 14... Bb4 {Bosman,M (2330)-Gurevich,M 
(2641) NED-chT playoff 2002 (1.4) 1/2-1/2}) 13... Ng6 $1 $11 14. g3 Bb4 15. Bd2 {63} Bxd2 16. Qxd2 Qf6 17. Qd1 Rad8
18. Bf1 Nge7 1/2-1/2